 Dungeon Crawl Stone Soup version 0.20.1-1-g8b1a95d (webtiles) character file.

413 Kingsmith the Magician (level 6, -2/28 HPs)
             Began as a Spriggan Ice Elementalist on Dec 8, 2017.
             Slain by an ogre
             ... wielding a cursed -1 giant spiked club
              (30 damage)
             ... on level 4 of the Dungeon.
             The game lasted 00:14:33 (4915 turns).

Kingsmith the Magician (Spriggan Ice Elementalist)  Turns: 4915, Time: 00:14:33

Health: -2/28      AC:  2    Str:  4    XL:     6   Next: 59%
Magic:  27/34      EV: 18    Int: 18    God:
Gold:   158        SH:  0    Dex: 17    Spells: 0/17 levels left

rFire    . . .     SeeInvis +   v - +0 short sword
rCold    . . .     Gourm    .   (shield restricted)
rNeg     . . .     Faith    .   a - +0 robe
rPois    .         Spirit   .   (helmet restricted)
rElec    .         Reflect  .   (no cloak)
rCorr    .         Harm     .   (gloves unavailable)
MR       +....                  (boots unavailable)
Stlth    ++........             (no amulet)
Regen    0.1/turn               n - ring of magical power
MPRegen  0.3/turn               q - ring of magical power

@: very slightly contaminated, very quick
A: unfitting armour, see invisible, herbivore 3, speed 3, slow metabolism 2
a: no special abilities


You were on level 4 of the Dungeon.
You were near starving.

You visited 1 branch of the dungeon, and saw 4 of its levels.
You also visited: Sewer.

You collected 158 gold pieces.

Inventory:

Hand Weapons
 v - a +0 short sword (weapon)
Armour
 a - a +0 robe (worn)
Jewellery
 e - an uncursed ring of fire
 n - a ring of magical power (left hand)
 q - a ring of magical power (right hand)
Scrolls
 g - 2 scrolls of teleportation
 i - a scroll of enchant armour {unknown}
 l - a scroll of recharging {unknown}
Potions
 f - a potion of mutation {unknown}
 j - 6 potions of curing
 k - a potion of lignification {unknown}
 o - a potion of haste {unknown}
 r - 3 potions of brilliance
 s - 3 potions of heal wounds {unknown}
 t - 3 potions of agility {unknown}
 u - a potion of might {unknown}
Books
 b - a book of Frost

   Spells                             Type                      Level
   a - Freeze                         Ice                          1
   b - Throw Frost                    Conjuration/Ice              2
   c - Ozocubu's Armour               Charms/Ice                   3
   d - Throw Icicle                   Conjuration/Ice              4
   e - Summon Ice Beast               Ice/Summoning                4
 p - a book of Misfortune

   Spells                             Type                      Level
   a - Confusing Touch                Hexes                        1
   b - Confuse                        Hexes                        3
   c - Gell's Gravitas                Translocation                3
   d - Petrify                        Transmutation/Earth          4
   e - Metabolic Englaciation         Hexes/Ice                    5
   f - Yara's Violent Unravelling     Hexes/Transmutation          5
Comestibles
 c - 2 bread rations
 h - 2 fruits
 m - 2 royal jellies


   Skills:
 - Level 3.0 Dodging
 - Level 3.0 Stealth
 - Level 6.0 Spellcasting
 - Level 3.0 Conjurations
 + Level 1.2 Hexes
 + Level 1.7 Charms
 + Level 0.7 Summonings
 - Level 3.0 Ice Magic


You couldn't memorise any spells.
You knew the following spells:

 Your Spells              Type           Power        Failure   Level  Hunger
a - Freeze                Ice            ###.         3%          1    None
b - Throw Frost           Conj/Ice       ###...       5%          2    None
c - Ozocubu's Armour      Chrm/Ice       ##......     14%         3    ##.....
d - Summon Ice Beast      Ice/Summ       ##......     50%         4    ####...
e - Throw Icicle          Conj/Ice       ###.....     34%         4    ####...
f - Confuse               Hex            #.......     22%         3    ##.....


Dungeon Overview and Level Annotations

Branches:
Dungeon (4/15)
 Temple: D:4-7

Altars:
Dithmenos
Vehumet
The Shining One

Annotations:
D:4 Blink/Cloud Immunity, exclusion: statue


Innate Abilities, Weirdness & Mutations

You are very small and have problems with some larger weapons.
You are too small for most types of armour.
You have supernaturally acute eyesight. (SInv)
You are a herbivore.
You cover ground extremely quickly.
You need consume almost no food.


Message History

Nothing appears to happen.
You are near starving!
Casting: Summon Ice Beast
Confirm with . or Enter, or press ? or * to list all spells.
The spell is very dangerous to cast!
Continue anyway?
A chill wind blows around you. What are your orders? t - Shout!
Orders for allies: a - Attack new target. r - Retreat! s - Stop attacking. g - Guard the area. f - Follow me.
Anything else - Cancel.
Gang up on whom?
Press: ? - help, Dir - move target cursor, f - ogre
Aim: an ogre, wielding a giant spiked club Attack!
Your ice beast hits the ogre.
Your ice beast freezes the ogre!
Your ice beast hits the ogre.
Your ice beast freezes the ogre!
The ogre hits you with a giant spiked club!!
Ouch! That really hurt!
You die...

.............## ##.......#....
..............## ##........)#...
............(..# #...........#..
...............# ##............#
...............# #...............
...............###..............#
..............###.Y..)[[.......##
######..########.O#.Y..........#
##..## ##@####.........##
##..#####.## ###########
########........#
................#
.............#..# #########
................# ##.......##
................# #.........##
..........[.....# ##..........#
..............#.# #............


You could see an ogre and a friendly ice beast.

Vanquished Creatures
  A big kobold (Sewer)
  An orc priest (D:4)
  2 orc wizards (D:3)
  2 worker ants (D:4)
  8 adders
  6 oozes
  A worm (D:3)
  A dart slug (D:1)
  3 leopard geckos
  9 orcs
  3 ball pythons
  6 bats
  4 giant cockroaches
  12 goblins
  13 hobgoblins
  3 jackals (D:1)
  23 kobolds
  6 frilled lizards
  13 rats
117 creatures vanquished.

Notes
Turn   | Place    | Note
-------+----------+-------------------------------------------
     0 | D:1      | Kingsmith the Spriggan Ice Elementalist began the quest for the Orb.
     0 | D:1      | Reached XP level 1. HP: 9/9 MP: 5/5
    90 | D:1      | Reached skill level 3 in Spellcasting
   116 | D:1      | Reached XP level 2. HP: 8/13 MP: 0/7
   188 | D:1      | Learned a level 2 spell: Throw Frost
   338 | D:1      | Reached skill level 4 in Spellcasting
   672 | D:1      | Reached XP level 3. HP: 11/16 MP: 4/9
  1040 | D:2      | Found a shadowy altar of Dithmenos.
  1066 | D:2      | Reached skill level 5 in Spellcasting
  1115 | D:2      | Reached XP level 4. HP: 7/21 MP: 6/12
  1643 | D:2      | Reached skill level 6 in Spellcasting
  2107 | D:3      | Found a glowing golden altar of the Shining One.
  2314 | D:3      | Found a glowing drain.
  2323 | Sewer    | Entered a sewer
  2361 | Sewer    | Reached XP level 5. HP: 21/24 MP: 6/14
  2469 | Sewer    | Learned a level 4 spell: Summon Ice Beast
  2474 | Sewer    | Learned a level 4 spell: Throw Icicle
  2591 | Sewer    | Reached skill level 1 in Conjurations
  2921 | Sewer    | Learned a level 3 spell: Ozocubu's Armour
  3476 | D:3      | Reached XP level 6. HP: 21/28 MP: 16/16
  3802 | D:4      | Found a radiant altar of Vehumet.
  3824 | D:4      | Learned a level 3 spell: Confuse
  4313 | D:4      | Reached skill level 1 in Charms
  4555 | D:4      | Reached skill level 1 in Hexes
  4915 | D:4      | Slain by an ogre

Skill      XL: |  1  2  3  4  5  6 |
---------------+-------------------+-----
Spellcasting   | 3 4 5 6 |  6.0
Ice Magic      | 3 |  3.0
Conjurations   | 2 3 |  3.0
Charms         | 1 |  1.7
Hexes          | 1 |  1.2
Dodging        | |  3.0
Stealth        | |  3.0
Summonings     | |  0.7

Action                   |  1- 3 |  4- 6 || total
-------------------------+-------+-------++-------
Melee: Dagger            |    19 |    32 ||    51
 Cast: Freeze            |    60 |   134 ||   194
       Throw Frost       |     1 |    23 ||    24
       Confuse           |       |     1 ||     1
       Summon Ice Beast  |       |     1 ||     1
       Ozocubu's Armour  |       |     1 ||     1
  Use: Scroll            |       |     8 ||     8
       Potion            |       |     1 ||     1
 Stab: Distracted        |     1 |       ||     1
       Sleeping          |       |     2 ||     2
Armor: Robe              |     5 |     6 ||    11
Dodge: Dodged            |    55 |   126 ||   181
